Match 47328198
Unlisted

Match 47328198
End
Construct Barracks
Riflemen Squad
Riflemen Squad
M1 Mortar Team
Mechanized Support Center
Construct Weapon Support Center
M3 Armored Personnel Carrier
Selects Special Operations Battlegroup
Selects Smoke Screen
Selects M29 Weasel Recon Vehicle
M3 Armored Personnel Carrier
Designate Forward Repair Station
M3 Armored Personnel Carrier
1⁄4-ton 4x4 Truck
Smoke Screen
Riflemen Squad
Selects Mark Vehicle
Selects UNKNOWN (2162291)
Construct Tank Depot
Mark Vehicle
M1919 Machine Gun Team
Mark Vehicle
M4A1 Sherman Whizbang
Mark Vehicle
Boneless
Androphyte
Major Storm
[38.] Nowhere Queen
0
0

Comments sign in to comment!

No comments posted yet!